 Dungeon Crawl Stone Soup version 0.23.2-40-g277498a001 (webtiles) character file.

Game seed: 13678112765175682275

1339 Exodus22XD the Covert (level 8, 34/34 HPs)
             Began as a Felid Enchanter on Aug 27, 2019.
             Was a Believer of Dithmenos.
             Quit the game on level 10 of the Dungeon.
             The game lasted 01:16:05 (10489 turns).

Exodus22XD the Covert (Felid Enchanter)            Turns: 10489, Time: 01:16:06

Health: 34/34      AC:  2    Str:  4    XL:     8   Next: 35%
Magic:  14/14      EV: 19    Int: 18    God:    Dithmenos [**....]
Gold:   618        SH:  0    Dex: 23    Spells: 2/11 levels left
                                        Lives:  0   Deaths: 3

rFire    . . .     SeeInvis +     - Unarmed
rCold    . . .     Gourm    .   (shield unavailable)
rNeg     + . .     Faith    .   (armour unavailable)
rPois    .         Spirit   .   (helmet unavailable)
rElec    +         Reflect  .   (cloak unavailable)
rCorr    .         Harm     .   (gloves unavailable)
MR       +++..                  (boots unavailable)
Stlth    +++++++++.             a - amulet "Tyhanom" {*Corrode rElec MR+ Regen+ Dex+4}
HPRegen  0.51/turn              j - ring of positive energy
MPRegen  0.14/turn              k - ring of protection from magic (curse)

@: wreathed by umbra, quick
A: very small, no armour, no weapons or thrown items, stealth, claws 1, fangs 3,
see invisible, carnivore, speed 1, shaggy fur 2, slow metabolism 1, sharp paws
a: Shadow Step, Renounce Religion


You were on level 10 of the Dungeon.
You worshipped Dithmenos.
Dithmenos was pleased with you.
You were not hungry.

You visited 2 branches of the dungeon, and saw 11 of its levels.

You collected 618 gold pieces.

Inventory:

Jewellery
 a - the amulet "Tyhanom" (around neck) {*Corrode rElec MR+ Regen+ Dex+4}
   (You found it on level 10 of the Dungeon)

   [amulet of regeneration]

   It affects your dexterity (+4).
   It insulates you from electricity.
   It affects your resistance to hostile enchantments.
   It increases your rate of regeneration.
   It may corrode you when you take damage.
 j - a ring of positive energy (left paw)
 k - a cursed ring of protection from magic (right paw)
 y - a +5 ring of slaying {unknown}
Wands
 c - a wand of disintegration (4)
 d - a wand of paralysis (8)
 o - a wand of flame (28)
 s - a wand of iceblast (13)
 v - a wand of acid (8)
 z - a wand of enslavement (6)
Scrolls
 g - a scroll of enchant weapon {unknown}
 q - a scroll of amnesia
 r - 9 scrolls of teleportation
 t - a scroll of magic mapping
 w - a scroll of remove curse
 x - a scroll of noise {unknown}
Potions
 e - a potion of heal wounds
 f - 5 potions of flight
 h - a potion of brilliance
 i - 3 potions of might
 l - 9 potions of curing
 m - 3 potions of mutation {unknown}
 n - 5 potions of lignification {unknown}
 p - a potion of cancellation {unknown}
Miscellaneous
 u - a lightning rod (4/4)
Comestibles
 b - 19 rations


   Skills:
 - Level 3.3 Fighting
 - Level 2.8 Dodging
 - Level 14.4 Stealth
 - Level 7.3 Unarmed Combat
 - Level 2.4 Spellcasting
 - Level 10.8 Hexes
 * Level 7.0 Evocations


You had 2 spell levels left.
You knew the following spells:

 Your Spells              Type           Power        Failure   Level  Hunger
a - Corona                Hex            #####..      1%          1    #......
b - Ensorcelled Hibernat  Hex/Ice        ###...       2%          2    ##.....
c - Tukima's Dance        Hex            #####...     1%          3    ###....
d - Confuse               Hex            #####...     1%          3    ###....

Your spell library contained the following spells:

 Spells                   Type           Power        Failure   Level  Hunger
 Dazzling Spray           Conj/Hex       ###...       5%          3    ###....


Dungeon Overview and Level Annotations

Branches:
Dungeon (10/15)            Temple (1/1) D:6             Orc (0/2) D:10
   Lair: D:8-11

Altars:
Ashenzari
Cheibriados
Dithmenos
Elyvilon
Fedhas
Gozag
Hepliaklqana
Kikubaaqudgha
Makhleb
Nemelex Xobeh
Okawaru
Qazlal
Ru
Sif Muna
Trog
Uskayaw
Vehumet
Wu Jian
Xom
Yredelemnul
Zin
The Shining One

Shops:
D:7 *

Annotations:
D:4 Edmund
D:8 1 runed translucent door, tamionv's ghost, novice GnWn
D:10 2 runed translucent doors, grerr's ghost, novice OpVM


Innate Abilities, Weirdness & Mutations

You cannot wear armour.
You are incapable of wielding weapons or throwing items.
Your paws allow you to move quietly. (Stealth)
You have sharp claws.
You have razor-sharp teeth.
You have supernaturally acute eyesight. (SInv)
You are carnivorous and can eat meat at any time.
You cover ground quickly.
You are covered in thick fur. (AC +2)
You have a slow metabolism.
Your sharp claws are effective at attacking unaware monsters.


Message History

The death knight is lightly wounded.
The death knight reflects your damage back at you!
You pounce on the helpless death knight from behind!
You mangle the death knight!!
The death knight is moderately wounded.
The death knight reflects your damage back at you!
Ouch! That really hurt!
You catch the helpless death knight completely off-guard!
You mangle the death knight!!
The death knight is severely wounded.
The death knight reflects your damage back at you!
Ouch! That really hurt!
You die...
The death knight's dark mirror aura disappears.
You are now level 8!
You rejoin the land of the living...
Unknown command.
Unknown command.
Unknown command.
Are you sure you want to abandon this character and quit the game? (Confirm with "yes".)

..........#.......#..........##
.##..............#.....#.....#
.....#.......................#
.....#####.####...>..........#
......## #.##....###.........####
.......###......# #.............#
................###..............
...#............................#
...#............@...............#
..##............................#
.................................
.p............#..................
...†.........##...##.....#....##.
.........................##......
.........................####....
..........................##.....
..<........................#.....


There were no monsters in sight!

Vanquished Creatures
  A two-headed ogre (D:9)
  2 centaur zombies
  2 trolls
  Grinder (D:5)
  A hippogriff (D:8)
  A spriggan (D:7)
  Sigmund (D:2)
  Eustachio (D:5)
  Grum (D:8)
  2 hungry ghosts
  Menkaure (D:5)
  Duvessa (D:4)
  An orc warrior (D:9)
  2 phantoms
  2 black bears
  5 ogres
  3 ice beasts
  A sky beast (D:6)
  3 wolves (D:8)
  Blork the orc (D:4)
  A wyvern zombie (D:8)
  Dowan (D:4)
  A water moccasin zombie (D:8)
  A wyvern skeleton (D:8)
  A scorpion (D:10)
  2 wights (D:9)
  A killer bee (D:10)
  2 bullfrog zombies
  3 crimson imps
  A hound (D:6)
  A quasit (D:7)
  Crazy Yiuf (D:4)
  2 centaur skeletons
  An orc priest (D:9)
  3 jellies
  3 iguanas
  4 orc wizards
  Ijyb (D:3)
  8 worker ants
  A worker ant zombie (D:10)
  5 gnolls
  A howler monkey skeleton (D:10)
  9 adders
  4 shadow imps
  3 adder skeletons
  2 adder zombies
  A dart slug (D:1)
  3 leopard geckos
  12 orcs
  5 giant cockroaches
  A goblin (D:1)
  5 hobgoblins
  4 jackals
  7 kobolds
  6 quokkas
  10 bats
  8 frilled lizards
  A leopard gecko skeleton (D:5)
  6 rats
165 creatures vanquished.

Vanquished Creatures (others)
  A sky beast (D:6)
  3 fungi (D:8)
  4 plants (D:8)
8 creatures vanquished.

Grand Total: 173 creatures vanquished

Notes
Turn   | Place    | Note
-------+----------+-------------------------------------------
     0 | D:1      | Exodus22XD the Felid Enchanter began the quest for the Orb.
     0 | D:1      | Reached XP level 1. HP: 7/7 MP: 4/4
   408 | D:1      | Reached XP level 2. HP: 11/11 MP: 6/6
   410 | D:1      | Reached skill level 5 in Stealth
   543 | D:1      | Learned a level 2 spell: Ensorcelled Hibernation
   904 | D:1      | Reached skill level 6 in Stealth
   904 | D:1      | Reached XP level 3. HP: 14/14 MP: 4/7
  1032 | D:2      | Found a stormy altar of Qazlal.
  1032 | D:2      | Noticed Sigmund
  1036 | D:2      | Noticed a water elemental
  1036 | D:2      | Noticed a fire elemental
  1223 | D:2      | Found a stormy altar of Qazlal.
  1454 | D:2      | Noticed an earth elemental
  1454 | D:2      | Noticed an air elemental
  1610 | D:2      | Found a glowing golden altar of the Shining One.
  1610 | D:2      | Found a white marble altar of Elyvilon.
  1616 | D:2      | Found a hide-covered altar of Uskayaw.
  1620 | D:2      | Found a basalt altar of Yredelemnul.
  1621 | D:2      | Found a faded altar of an unknown god.
  1628 | D:2      | Reached XP level 4. HP: 18/18 MP: 8/8
  1777 | D:2      | Learned a level 3 spell: Tukima's Dance
  1843 | D:2      | Killed Sigmund
  1843 | D:2      | Reached XP level 5. HP: 5/21 MP: 2/9
  2262 | D:3      | Reached skill level 7 in Stealth
  2669 | D:3      | Noticed Ijyb
  2693 | D:3      | Killed Ijyb
  2748 | D:3      | Found a shimmering altar of Xom.
  2940 | D:4      | Noticed Edmund
  3000 | D:4      | You fall through a shaft for 3 floors!
  3118 | D:7      | Noticed a hungry ghost
  3120 | D:7      | Found Ulawiax's General Store.
  3130 | D:7      | Found a hazy altar of Hepliaklqana.
  3185 | D:6      | Found a staircase to the Ecumenical Temple.
  3194 | Temple   | Entered the Ecumenical Temple
  3303 | Temple   | Became a worshipper of Dithmenos the Shadowed
  3349 | D:5      | Entered Level 5 of the Dungeon
  3396 | D:5      | Noticed Menkaure
  3399 | D:5      | Killed Menkaure
  3399 | D:5      | Reached skill level 8 in Stealth
  3399 | D:5      | Gained mutation: You are covered in thick fur. (AC +2)
                  | [Felid growth]
  3399 | D:5      | Reached XP level 6. HP: 23/24 MP: 10/10
  3406 | D:4      | Noticed Duvessa
  3406 | D:4      | Noticed Dowan
  3421 | D:4      | Killed Duvessa
  3421 | D:4      | Reached skill level 9 in Stealth
  3462 | D:4      | Killed Dowan
  3462 | D:4      | Reached XP level 7. HP: 22/27 MP: 5/11
  3467 | D:4      | Reached skill level 10 in Stealth
  3588 | D:4      | Noticed Blork the orc
  3729 | D:4      | Learned a level 3 spell: Confuse
  4195 | D:4      | Killed Blork the orc
  4195 | D:4      | Reached skill level 5 in Unarmed Combat
  4203 | D:4      | Found a burning altar of Makhleb.
  4357 | D:4      | Found a runed translucent door.
  4358 | D:4      | Noticed Crazy Yiuf
  4365 | D:4      | Killed Crazy Yiuf
  4677 | D:5      | Noticed Eustachio
  4744 | D:5      | Reached skill level 5 in Hexes
  4804 | D:5      | Killed Eustachio
  4804 | D:5      | Reached XP level 8. HP: 31/31 MP: 12/12
  4979 | D:5      | Noticed Grinder
  5004 | D:5      | Killed Grinder
  5004 | D:5      | Reached skill level 11 in Stealth
  5532 | D:6      | Found an iron altar of Okawaru.
  5640 | D:6      | Reached * piety under Dithmenos
  6549 | D:6      | Reached skill level 10 in Hexes
  6642 | D:7      | Reached XP level 9. HP: 34/34 MP: 7/13
  6802 | D:7      | Found an ancient bone altar of Kikubaaqudgha.
  6907 | D:7      | Reached skill level 12 in Stealth
  7801 | D:8      | Reached skill level 13 in Stealth
  7809 | D:8      | Slain by a wyvern zombie
  7810 | D:8      | Reached XP level 8. HP: -5/31 MP: 1/12
  8279 | D:8      | Reached skill level 14 in Stealth
  8331 | D:8      | Reached skill level 1 in Fighting
  8387 | D:8      | Reached XP level 9. HP: 34/38 MP: 4/13
  8389 | D:8      | Noticed Grum
  8458 | D:8      | Killed Grum
  8685 | D:8      | Found an opulent altar of Gozag.
  8782 | D:8      | Found a runed translucent door.
  8782 | D:8      | Identified the cursed +1 spear "Kyofel" {vamp, rC+ Str+3
                  | Dex-4 Stlth+}
  8783 | D:8      | Noticed tamionv's ghost (novice GnWn)
  8787 | D:8      | Noticed a polar bear
  8873 | D:9      | Reached ** piety under Dithmenos
  8885 | D:9      | Reached skill level 1 in Evocations
  8975 | D:9      | Noticed a two-headed ogre
  8980 | D:9      | Killed a two-headed ogre
  9034 | D:9      | Noticed a troll
  9038 | D:9      | Found an ornate altar of the Wu Jian Council.
  9254 | D:9      | Killed a troll
  9316 | D:9      | Reached XP level 10. HP: 8/42 MP: 5/14
  9482 | D:9      | Found a sparkling altar of Nemelex Xobeh.
  9605 | D:10     | Entered Level 10 of the Dungeon
  9705 | D:10     | Noticed a death knight
  9762 | D:10     | Got a glittering golden amulet
  9763 | D:10     | Identified the amulet "Tyhanom" {*Corrode rElec MR+ Regen+
                  | Dex+4} (You found it on level 10 of the Dungeon)
  9852 | D:10     | Found a staircase to the Orcish Mines.
  9990 | D:10     | Found a runed translucent door.
  9991 | D:10     | Found a runed translucent door.
  9995 | D:10     | Noticed a deep elf archer
  9997 | D:10     | Noticed an ettin
  9997 | D:10     | Noticed a necromancer
  9997 | D:10     | Noticed a lich
  9999 | D:10     | Noticed grerr's ghost (novice OpVM)
 10002 | D:10     | Found the +0 Maxwell's etheric cage {RegenMP+ *Contam rElec
                  | MP+4}
 10082 | D:10     | Reached skill level 5 in Evocations
 10382 | D:10     | Noticed a wizard
 10382 | D:10     | Noticed a white ugly thing
 10458 | D:10     | Mangled by a white ugly thing
 10459 | D:10     | Reached XP level 9. HP: -7/38 MP: 15/15
 10488 | D:10     | Killed by mirror damage
 10489 | D:10     | Reached XP level 8. HP: -3/34 MP: 10/14
 10489 | D:10     | Quit the game

Skill      XL: |  1  2  3  4  5  6  7  8  9 10 |
---------------+-------------------------------+-----
Stealth        | 6 8 9 10 14 13 | 14.4
Unarmed Combat | 3 5 7 |  7.3
Hexes          | 7 10 | 10.8
Fighting       | 3 |  3.3
Evocations     | 3 7 |  7.0
Dodging        | |  2.8
Spellcasting   | |  2.4

Action                   |  1- 3 |  4- 6 |  7- 9 | 10-12 || total
-------------------------+-------+-------+-------+-------++-------
Melee: Unarmed           |   117 |    40 |   276 |    58 ||   491
       Bite              |     6 |     2 |    29 |     4 ||    41
       Punch             |       |       |     6 |       ||     6
 Cast: Corona            |    29 |    16 |    14 |       ||    59
       Ensorcelled Hiber |     1 |     6 |    12 |       ||    19
       Tukima's Dance    |       |     3 |     1 |       ||     4
       Confuse           |       |       |    60 |    13 ||    73
Evoke: Wand              |       |     2 |       |     2 ||     4
  Use: Scroll            |       |       |    16 |     4 ||    20
       Potion            |       |       |     1 |       ||     1
 Stab: Sleeping          |    15 |    11 |    35 |     7 ||    68
       Confused          |       |       |    41 |     8 ||    49
       Distracted        |       |       |     3 |       ||     3
  Eat: Chunk             |     9 |     4 |    29 |     4 ||    46
Armor: Skin              |    12 |     3 |     3 |     2 ||    20
Dodge: Dodged            |   127 |    37 |   194 |    54 ||   412
